 Dungeon Crawl Stone Soup version 0.22.0-5-gf09313c (console) character file.

102219 removed the Impaler (level 15, -1/132 HPs)
             Began as a Pale Draconian Arcane Marksman on Aug 13, 2018.
             Was the Champion of Makhleb.
             Killed from afar by an ice dragon (28 damage)
             ... with a blast of cold
             ... on level 15 of the Dungeon.
             The game lasted 01:14:57 (36274 turns).

removed the Impaler (DrAM)                         Turns: 36274, Time: 01:14:58

Health: -1/132     AC: 12    Str: 13    XL:     15   Next: 85%
Magic:  24/24      EV: 23    Int: 17    God:    Makhleb [******]
Gold:   2040       SH:  0    Dex: 17    Spells: 15/16 levels left

rFire    x . .     SeeInvis .   a - +6 glaive (vamp)
rCold    + . .     Gourm    .   (shield currently unavailable)
rNeg     . . .     Faith    +   (armour unavailable)
rPois    .         Spirit   .   y - +1 hat {Int+3}
rElec    .         Reflect  .   Q - scarf {repulsion}
rCorr    .         Harm     .   u - +1 pair of gloves
MR       +....                  (no boots)
Stlth    ++........             X - amulet of faith
HPRegen  0.32/turn              c - ring of ice
MPRegen  0.19/turn              o - +4 ring of evasion

@: repel missiles
A: breathe steam, unfitting armour, cold-blooded, AC +9
a: Breathe Steam, Minor Destruction, Lesser Servant of Makhleb, Major
Destruction, Greater Servant of Makhleb, Renounce Religion


You were on level 15 of the Dungeon.
You worshipped Makhleb.
Makhleb was exalted by your worship.
You were near starving.

You visited 3 branches of the dungeon, and saw 23 of its levels.

You collected 2312 gold pieces.
You spent 272 gold pieces at shops.

Inventory:

Hand Weapons
 a - a +6 vampiric glaive (weapon)
 b - a +2 quarterstaff of chaos
 j - a +3 dagger of venom
 N - a +1 spear of venom
Missiles
 t - 716 arrows
 K - 3 throwing nets (quivered)
Armour
 k - the +2 large shield of Puixi {rF+ Int+5 Dex+2, unknown}
   (You found it on level 6 of the Lair of Beasts)

   It affects your intelligence (+5).
   It affects your dexterity (+2).
   It protects you from fire.
 r - a scarf of cloud immunity
 u - a +1 pair of gloves (worn)
 y - a +1 hat of intelligence (worn)
 P - a +0 cloak
 Q - a scarf of repulsion (worn)
Magical Staves
 Y - an uncursed staff of death {unknown}
Jewellery
 c - a ring of ice (left hand)
 e - a +3 ring of evasion
 o - a +4 ring of evasion (right hand)
 X - an amulet of faith (around neck)
Wands
 m - a wand of digging (22)
 x - a wand of paralysis (15)
 z - a wand of acid (10)
 F - a wand of disintegration (10)
 R - a wand of polymorph (14)
 S - a wand of scattershot (7)
Scrolls
 h - 9 scrolls of teleportation
 i - 4 scrolls of enchant armour
 n - 3 scrolls of amnesia
 q - a scroll of holy word
 s - 3 scrolls of magic mapping
 v - 2 scrolls of identify
 G - 2 scrolls of blinking
 I - a scroll of fear
 U - 9 scrolls of remove curse
 W - 5 scrolls of fog
 Z - a scroll of brand weapon
Potions
 g - 4 potions of cancellation
 l - 2 potions of lignification
 p - 5 potions of heal wounds
 w - 2 potions of haste
 A - 6 potions of mutation
 B - a potion of magic
 C - 3 potions of agility
 E - 5 potions of brilliance
 H - 2 potions of might
 M - 2 potions of ambrosia
 O - 3 potions of flight
 T - 11 potions of curing
 V - a potion of berserk rage
Miscellaneous
 D - a fan of gales
Comestibles
 d - 39 rations


   Skills:
 - Level 12.0 Fighting
 + Level 17.9 Polearms
   Level 2.0 Bows
 - Level 10.0 Dodging
 - Level 1.0 Spellcasting
 - Level 2.6 Hexes
 - Level 12.0 Invocations
 - Level 9.0 Evocations


You had 15 spell levels left.
You knew the following spells:

 Your Spells              Type           Power        Failure   Level  Hunger
a - Corona                Hex            #......      7%          1    ##.....

Your spell library contained the following spells:

 Spells                   Type           Power        Failure   Level  Hunger
 Cause Fear               Hex            #.........   56%         4    #####..
 Apportation              Tloc           #.....       22%         1    ##.....
 Conjure Flame            Conj/Fire      #.......     54%         3    ####...
 Slow                     Hex            #.......     11%         2    ###....
 Confuse                  Hex            #.......     22%         3    ####...
 Invisibility             Hex            #.......     100%        6    #######
 Freezing Cloud           Conj/Ice/Air   #.........   100%        6    #######
 Mephitic Cloud           Conj/Pois/Air  #.......     54%         3    ####...
 Ring of Flames           Chrm/Fire      #.........   100%        7    #######
 Venom Bolt               Conj/Pois      #.........   99%         5    ######.
 Olgreb's Toxic Radiance  Pois           #.......     91%         4    #####..
 Summon Small Mammal      Summ           #...         22%         1    ##.....
 Animate Skeleton         Necr           N/A          22%         1    ##.....
 Summon Ice Beast         Ice/Summ       #.......     91%         4    #####..
 Call Imp                 Summ           #.......     32%         2    ###....
 Sting                    Conj/Pois      #...         22%         1    ##.....
 Tukima's Dance           Hex            #.......     22%         3    ####...
 Summon Demon             Summ           #.........   99%         5    ######.
 Stone Arrow              Conj/Erth      #.....       54%         3    ####...
 Recall                   Summ/Tloc      N/A          54%         3    ####...
 Shadow Creatures         Summ           N/A          100%        6    #######
 Confusing Touch          Hex            #.....       7%          1    ##.....
 Passwall                 Tmut/Erth      #.......     32%         2    ###....
 Call Canine Familiar     Summ           #.......     54%         3    ####...
 Ensorcelled Hibernation  Hex/Ice        #.....       19%         2    ###....
 Summon Butterflies       Summ           #.......     22%         1    ##.....
 Alistair's Intoxication  Tmut/Pois      #.......     99%         5    ######.
 Lee's Rapid Deconstruct  Erth           #.........   99%         5    ######.
 Sandblast                Erth           #.....       22%         1    ##.....
 Portal Projectile        Hex/Tloc       #.....       36%         3    ####...
 Petrify                  Tmut/Erth      #.......     91%         4    #####..
 Leda's Liquefaction      Hex/Erth       #.........   77%         4    #####..
 Inner Flame              Hex/Fire       #.......     36%         3    ####...
 Aura of Abjuration       Summ           #.........   99%         5    ######.
 Dazzling Spray           Conj/Hex       #.....       36%         3    ####...
 Summon Forest            Summ/Tloc      #.........   99%         5    ######.
 Summon Lightning Spire   Summ/Air       #.......     91%         4    #####..
 Summon Guardian Golem    Hex/Summ       #.......     36%         3    ####...
 Summon Mana Viper        Hex/Summ       #.......     98%         5    ######.
 Lesser Beckoning         Tloc           #.........   54%         3    ####...
 Poisonous Vapours        Pois/Air       #.....       32%         2    ###....


Dungeon Overview and Level Annotations

Branches:
Dungeon (15/15)            Temple (0/1) D:5            Lair (6/6) D:10
  Swamp (0/4) Lair:2       Spider (0/4) Lair:2        Slime (0/5) Lair:5
    Orc (2/2) D:10            Elf (0/3) Orc:2        Vaults (0/5) D:13
 Depths: D:15

Altars:
Elyvilon
Fedhas
Hepliaklqana
Makhleb
Nemelex Xobeh
Qazlal
Wu Jian
Yredelemnul
Beogh
Jiyva

Shops:
D:10 :   D:11 (   Orc:2 [::}

Portals:
Trove: D:13 (give 5 potions of resistance)

Annotations:
D:8 exclusion: 2 doors


Innate Abilities, Weirdness & Mutations

You can breathe blasts of scalding, opaque steam.
Your pale cyan-grey scales are hard. (AC +9)
You cannot fit into any form of body armour.
You are cold-blooded and may be slowed by cold attacks.


Message History

* * * LOW HITPOINT WARNING * * *
You hold your ground!
Unknown command.
You hit the ice dragon but do no damage.
The ice dragon is moderately wounded.
The ice dragon barely misses you. The ice dragon completely misses you.
The ice dragon tramples you.
* * * LOW HITPOINT WARNING * * *
You hold your ground!
Unknown command.
You hit the ice dragon.
The ice dragon is heavily wounded.
Your ynoxinul barely misses the ice dragon.
Unknown command.
Unknown command.
You hit the ice dragon but do no damage.
The ice dragon is heavily wounded.
The ice dragon breathes frost at you. The blast of cold hits you! You resist.
You die...

#.#.#.............##.#
#.#.##....#####..###.#
#.#.##.#..# #..# #.#
#.#.......# #..# #.#
#.#......## #..# #.#
#.#.......#####..###.#
#..........##........#
###.####....####.#####
#.# #..83@###.# #.#
#....D#...# #.#
##.##.##.#######
#.########.##.......#####
#....# ...##..###.#.#.#
#..).###..#..#..........#
#......#$. .$#.####.#.#.#
#....#.#$.
.$#...##.#...###
#....#.#$.
.$###.##.#.#....


You could see an ice dragon and a friendly ynoxinul.

Vanquished Creatures
  Nessos (Orc:2)
  An ettin (Orc:2)
  Snorg (D:15)
  The ghost of Anothat the Transmogrifier, a journeyman DrTm of Cheibriados (D:10)
  Harold (D:8)
  Fannar (Lair:2)
  8 hydras
  An ice dragon (D:15)
  2 catoblepae
  2 centaur warriors (D:15)
  2 two-headed ogres
  A queen ant (D:10)
  A deep troll shaman (Lair:6)
  2 death yaks (Lair:6)
  A vampire mage (D:15)
  4 orc high priests
  Nergalle (D:11)
  2 lindwurms
  A deep elf mage (D:13)
  4 orc knights
  Pikel (D:4)
  3 manticores
  3 orc sorcerers (Orc:2)
  10 ugly things
  A cyclops (D:14)
  5 black mambas
  An ice statue (Lair:6)
  3 elephants (Lair:6)
  A centaur skeleton (D:14)
  Joseph (D:8)
  Maurice (Orc:2)
  6 spiny frogs
  The ghost of SKei0 the Protected, a novice MiFi of Hepliaklqana (D:4)
  An efreet (D:15)
  4 rime drakes
  7 komodo dragons
  A freezing wraith (Lair:6)
  10 trolls
  4 polar bears (Lair:6)
  A jumping spider (shapeshifter) (D:14)
  A queen bee (shapeshifter) (D:14)
  10 blink frogs
  Grinder (D:3)
  A bog body (Lair:2)
  A hornet (shapeshifter) (D:13)
  7 dream sheep
  8 hippogriffs
  4 slime creatures
  A hornet (D:14)
  A centaur simulacrum (D:14)
  3 wraiths
  38 yaks
  A vampire (D:12)
  5 wyverns
  5 hogs (Lair:4)
  3 basilisks
  A fire elemental (Lair:2)
  2 hungry ghosts
  2 swamp worms (Lair:2)
  12 soldier ants (D:10)
  3 acid dragons
  5 wargs
  8 water moccasins
  22 orc warriors
  2 porcupines
  5 sky beasts
  A slave (D:4)
  5 black bears
  8 ice beasts
  8 ogres
  2 necrophages
  18 centaurs
  4 crocodiles
  2 phantoms (D:4)
  7 wolves
  4 big kobolds
  11 bullfrogs
  A big kobold (shapeshifter) (D:13)
  A wyvern zombie (D:13)
  Blork the orc (D:5)
  2 wyvern skeletons
  10 killer bees
  12 scorpions
  6 howler monkeys
  9 wights
  3 electric eels (Lair:2)
  A bullfrog zombie (D:9)
  13 crimson imps
  4 centaur zombies
  A quasit (D:7)
  Crazy Yiuf (D:6)
  6 hounds
  2 jellies
  23 orc wizards
  24 orc priests
  A bullfrog skeleton (D:11)
  Ijyb (D:4)
  49 worker ants
  A worker ant zombie (D:7)
  6 gnolls
  12 adders
  2 shadow imps (D:14)
  4 white imps
  An ooze (D:3)
  An adder zombie (D:6)
  3 adder skeletons
  3 worms
  2 dart slugs
  11 leopard geckos
  66 orcs
  11 bats
  2 giant cockroaches
  6 goblins
  9 hobgoblins
  2 jackals (D:1)
  6 quokkas
  5 ball pythons
  2 frilled lizards (D:1)
  20 kobolds
  A quokka skeleton (D:4)
  7 rats
  A bush (Lair:2)
  A plant (D:10)
681 creatures vanquished.

Vanquished Creatures (collateral kills)
  Kirke (Lair:4)
  2 hydras
  A catoblepas (Lair:6)
  A death knight (D:12)
  3 death yaks (Lair:6)
  An orc knight (Orc:2)
  A black mamba (Lair:2)
  A spiny frog (Lair:1)
  A troll (D:12)
  A hippogriff (Lair:6)
  A hog (Lair:4)
  A swamp drake (D:10)
  2 orc warriors (D:10)
  A centaur (D:11)
  3 wolves (Lair:6)
  A scorpion (Lair:2)
  A shadow imp (D:12)
  3 orcs
  A fungus (Lair:6)
27 creatures vanquished.

Vanquished Creatures (others)
  A hippogriff (D:11)
  An orc wizard (D:11)
  2 orcs
  A quokka (D:14)
  6 fungi
  6 plants
  8 toadstools (Lair:2)
25 creatures vanquished.

Grand Total: 733 creatures vanquished

Notes
Turn   | Place    | Note
-------+----------+-------------------------------------------
     0 | D:1      | removed the Draconian Arcane Marksman began the quest for the Orb.
     0 | D:1      | Reached XP level 1. HP: 16/16 MP: 2/2
   182 | D:1      | Reached XP level 2. HP: 24/24 MP: 3/3
   646 | D:1      | Reached XP level 3. HP: 31/31 MP: 4/4
  1479 | D:2      | Reached XP level 4. HP: 38/38 MP: 5/5
  1488 | D:2      | Found a burning altar of Makhleb.
  1506 | D:2      | Became a worshipper of Makhleb the Destroyer
  1969 | D:3      | Reached XP level 5. HP: 43/46 MP: 6/6
  2252 | D:3      | Noticed Grinder
  2425 | D:3      | Found a sparkling altar of Nemelex Xobeh.
  2504 | D:3      | Paralysed by Grinder for 4 turns
  2652 | D:3      | Reached * piety under Makhleb
  2652 | D:3      | Reached skill level 5 in Fighting
  2966 | D:3      | Found a roughly hewn altar of Beogh.
  2981 | D:3      | Reached XP level 6. HP: 52/56 MP: 7/7
  3159 | D:4      | Noticed a slave
  3364 | D:4      | Found a transporter.
  3364 | D:4      | Noticed SKei0's ghost (novice MiFi)
  3371 | D:4      | Found a transporter.
  3791 | D:4      | Reached skill level 5 in Dodging
  3868 | D:4      | Found a hazy altar of Hepliaklqana.
  4146 | D:4      | Noticed Pikel
  4146 | D:4      | Noticed a slave
  4146 | D:4      | Noticed a slave
  4146 | D:4      | Noticed a slave
  4159 | D:4      | Killed a slave
  4201 | D:4      | Killed Pikel
  4201 | D:4      | Reached skill level 5 in Invocations
  4201 | D:4      | Your scales start taking on a pale cyan-grey colour.
  4201 | D:4      | Reached XP level 7. HP: 48/61 MP: 7/11
  4324 | D:5      | Entered Level 5 of the Dungeon
  4410 | D:5      | Reached XP level 8. HP: 52/70 MP: 12/12
  4830 | D:5      | Noticed Blork the orc
  4837 | D:5      | Noticed Ijyb
  5088 | D:4      | Killed Ijyb
  5219 | D:5      | Killed Blork the orc
  5464 | D:5      | Found a staircase to the Ecumenical Temple.
  6606 | D:6      | Found a blossoming altar of Fedhas.
  6606 | D:6      | Found an ornate altar of the Wu Jian Council.
  6706 | D:6      | Reached XP level 9. HP: 52/82 MP: 13/13
  6928 | D:6      | Found a runed door.
  7238 | D:6      | Noticed Crazy Yiuf
  7246 | D:6      | Killed Crazy Yiuf
  7902 | D:7      | Reached ** piety under Makhleb
  8693 | D:8      | Noticed Grum
  9184 | D:8      | Found a stormy altar of Qazlal.
  9295 | D:8      | Reached XP level 10. HP: 50/91 MP: 16/16
  9535 | D:8      | Noticed Grum
  9535 | D:8      | Grum changed into Grum the wyvern
  9545 | D:8      | Killed Grum the wyvern
  9685 | D:8      | Noticed Harold
  9698 | D:8      | Killed Harold
  9698 | D:8      | Reached skill level 10 in Fighting
 10077 | D:8      | Noticed Joseph
 10093 | D:8      | Killed Joseph
 10589 | D:9      | Reached skill level 1 in Evocations
 11080 | D:9      | Reached skill level 5 in Evocations
 11346 | D:9      | Reached *** piety under Makhleb
 11600 | D:9      | Noticed a purple ugly thing
 11618 | D:9      | Killed a purple ugly thing
 11630 | D:9      | Reached XP level 11. HP: 102/102 MP: 17/17
 11779 | D:10     | Entered Level 10 of the Dungeon
 11784 | D:10     | Found a staircase to the Lair.
 11804 | D:10     | Found a runed door.
 11804 | D:10     | Noticed Anothat's ghost (journeyman DrTm)
 11855 | D:10     | Got a shimmering flail
 11864 | D:10     | Identified the +4 flail of the Sugar Beet {vamp, rC+ MR+++ Dex-4 SInv} (You found it on level 10 of the Dungeon)
 12387 | D:10     | Reached skill level 10 in Invocations
 13062 | D:10     | Reached **** piety under Makhleb
 13142 | D:10     | Noticed a queen ant
 13169 | D:10     | Killed a queen ant
 14149 | D:10     | Found Raddokk's Book Emporium.
 14324 | D:10     | Reached ***** piety under Makhleb
 14658 | D:10     | Found a staircase to the Orcish Mines.
 15840 | D:11     | Noticed Nergalle
 15861 | D:11     | Killed Nergalle
 16317 | D:11     | Reached XP level 12. HP: 70/112 MP: 20/20
 16605 | D:11     | Noticed a two-headed ogre
 16617 | D:11     | Killed a two-headed ogre
 16624 | D:11     | Found Vuinuisi's Antique Weapon Shoppe.
 16657 | D:11     | Noticed a four-headed hydra
 16686 | D:11     | Killed a four-headed hydra
 17487 | D:12     | Found a basalt altar of Yredelemnul.
 17488 | D:12     | Noticed a death knight
 18313 | D:12     | Killed a death knight
 18313 | D:12     | Reached skill level 10 in Dodging
 18525 | D:12     | Reached skill level 1 in Polearms
 18763 | D:12     | Reached skill level 2 in Polearms
 19473 | D:10     | Reached skill level 3 in Polearms
 19759 | D:12     | Found a white marble altar of Elyvilon.
 19948 | Lair:1   | Entered Level 1 of the Lair of Beasts
 19973 | Lair:1   | Reached skill level 4 in Polearms
 20118 | Lair:1   | Got a scorched short sword
 20228 | Lair:1   | Reached skill level 5 in Polearms
 20446 | Lair:1   | Noticed a six-headed hydra
 20624 | Lair:1   | Killed a six-headed hydra
 21021 | Lair:1   | Reached skill level 6 in Polearms
 21278 | Lair:2   | Noticed an eight-headed hydra
 21290 | Lair:2   | Killed a 14-headed hydra
 21290 | Lair:2   | Reached skill level 7 in Polearms
 21484 | Lair:2   | Noticed Fannar
 21497 | Lair:2   | Killed Fannar
 21825 | Lair:2   | Reached skill level 8 in Polearms
 21917 | Lair:2   | Noticed a six-headed hydra
 21920 | Lair:2   | Killed a six-headed hydra
 21920 | Lair:2   | Reached XP level 13. HP: 118/118 MP: 22/22
 22165 | Lair:2   | Found a hole to the Spider Nest.
 22290 | Lair:2   | Reached skill level 9 in Polearms
 23263 | Lair:2   | Found a staircase to the Swamp.
 23403 | Lair:2   | Found a runed door.
 23702 | Lair:2   | Identified a scroll of acquirement
 23733 | Lair:3   | Got an ancient hand axe
 24567 | Lair:4   | Reached skill level 10 in Polearms
 24809 | Lair:4   | Noticed Kirke
 25164 | Lair:4   | Killed Kirke
 25621 | Lair:5   | Found a viscous altar of Jiyva.
 25621 | Lair:5   | Found a staircase to the Slime Pits.
 25675 | Lair:5   | Reached skill level 11 in Polearms
 26124 | Lair:5   | Reached skill level 12 in Polearms
 26124 | Lair:5   | Reached XP level 14. HP: 126/126 MP: 23/23
 26147 | Lair:5   | Reached skill level 13 in Polearms
 26700 | Lair:6   | Entered Level 6 of the Lair of Beasts
 27443 | Lair:6   | Reached skill level 14 in Polearms
 28030 | Lair:6   | Reached XP level 15. HP: 132/132 MP: 24/24
 28075 | Lair:6   | Reached skill level 15 in Polearms
 28407 | Lair:6   | Got a fine large shield
 29096 | Orc:1    | Entered Level 1 of the Orcish Mines
 30137 | Orc:2    | Entered Level 2 of the Orcish Mines
 30486 | Orc:2    | Found a staircase to the Elven Halls.
 30488 | Orc:2    | Noticed Maurice
 30501 | Orc:2    | Noticed Nessos
 30517 | Orc:2    | Killed Nessos
 30574 | Orc:2    | Killed Maurice
 30788 | Orc:2    | Reached skill level 16 in Polearms
 31378 | Orc:2    | Found Temaf's Book Shop.
 31378 | Orc:2    | Found Juotiec's Antique Armour Emporium.
 31380 | Orc:2    | Found Evyfercha's Book Emporium.
 31380 | Orc:2    | Found Onaod's Gadget Shop.
 31396 | Orc:2    | Bought an embroidered scarf for 272 gold pieces
 32058 | D:3      | Found a sparkling altar of Nemelex Xobeh.
 32106 | D:3      | Found a roughly hewn altar of Beogh.
 32117 | D:3      | Killed Grinder
 32293 | D:4      | Killed SKei0's ghost
 32520 | D:10     | Killed Anothat's ghost
 33661 | D:13     | Found a gate to the Vaults.
 33823 | D:13     | Reached ****** piety under Makhleb
 33865 | D:13     | Noticed Snorg
 33875 | D:13     | Reached skill level 17 in Polearms
 34101 | D:13     | Found a portal to a secret trove of treasure.
 34656 | D:14     | HP: 3/132 [scorpion (7)]
 34656 | D:14     | HP: 1/132 [green ugly thing (2)]
 35248 | D:15     | Entered Level 15 of the Dungeon
 35941 | D:15     | Killed Snorg
 36274 | D:15     | Killed from afar by an ice dragon

Skill      XL: |  1  2  3  4  5  6  7  8  9 10 11 12 13 14 15 |
---------------+----------------------------------------------+-----
Bows           | 2 |  2.0
Fighting       | 2 3 5 6 8 9 11 12 | 12.0
Dodging        | 2 3 5 6 8 9 10 | 10.0
Invocations    | 5 6 8 9 11 12 | 12.0
Evocations     | 6 9 |  9.0
Polearms       | 8 12 14 17 | 17.9
Spellcasting   | |  1.0
Hexes          | |  2.6

Action                   |  1- 3 |  4- 6 |  7- 9 | 10-12 | 13-15 || total
-------------------------+-------+-------+-------+-------+-------++-------
Melee: Spear             |     2 |       |       |       |       ||     2
       Tailslap          |     5 |    25 |    48 |   251 |   212 ||   541
       Hand axe          |    21 |    82 |     3 |       |       ||   106
       Dagger            |       |   111 |   331 |   900 |       ||  1342
       Quarterstaff      |       |       |    15 |   121 |       ||   136
       Glaive            |       |       |       |   261 |  1319 ||  1580
       Unarmed           |       |       |       |       |    24 ||    24
 Fire: Shortbow          |   138 |    39 |       |       |       ||   177
Invok: Lesser Servant of |       |       |       |    15 |    19 ||    34
       Major Destruction |       |       |       |     6 |     9 ||    15
       Minor Destruction |       |       |       |     8 |     2 ||    10
 Abil: Breathe Steam     |       |       |     2 |       |     2 ||     4
Evoke: Wand              |       |       |     4 |    33 |    17 ||    54
       Fan of gales      |       |       |       |       |     1 ||     1
  Use: Scroll            |       |     1 |     9 |    11 |    19 ||    40
       Potion            |       |       |     3 |     2 |     5 ||    10
 Stab: Sleeping          |       |     1 |     3 |     3 |     3 ||    10
       Paralysed         |       |       |       |    85 |    12 ||    97
       Distracted        |       |       |       |       |     2 ||     2
  Eat: Chunk             |     2 |     8 |    16 |    47 |    25 ||    98
       Ration            |       |       |       |     7 |     6 ||    13
Armor: Skin              |    24 |    44 |   195 |   276 |   259 ||   798
Dodge: Dodged            |    68 |   126 |   246 |  1049 |  1298 ||  2787
       Deflected         |       |       |       |       |    13 ||    13
